Map: Apothéose EC

Players

llllllllllll - Winner!

  • Race: Zerg Zerg
  • League: Master
  • Spawn Location: 5:00

Gaara

  • Race: Zerg Zerg
  • League: Master
  • Spawn Location: 11:00

VOD

Have the link to the VOD?

Description

Time

  • Played on: Aug. 20, 2016, 10:32 a.m.
  • Length: 7:23
Show
View Real Time Build Order
Export as new Build Order

llllllllllll Zerg - Winner!

Build Orders: Hatch First 

Get SALT Encoding   

  12  0:01  Drone  
  13  0:12  Overlord  
  13  0:20  Drone  
  14  0:30  Drone x2  
  14  0:35  Drone  
  17  0:52  Hatchery  
  17  0:54  Drone  
  17  1:09  Spawning Pool  
  16  1:12  Drone, Extractor  
  16  1:15  Drone  
  17  1:19  Drone  
  18  1:28  Drone  
  19  1:55  Zergling x4  
  19  2:00  Zergling x2  
  22  2:03  Queen x2  
  22  2:04  Zergling x2  
  27  2:11  Metabolic Boost  
  27  2:15  Overlord  
  27  2:20  Drone  
  28  2:33  Drone x3  
  31  2:38  Drone  
  31  2:41  Baneling Nest  
  31  2:43  Drone  
  32  2:50  Overlord  
  32  2:57  Drone  
  33  3:00  Overlord  
  33  3:05  Drone  
  33  3:12  Drone x3  
  36  3:13  Drone x3  
  36  3:19  Drone x2  
  41  3:36  Drone x3  
  41  3:39  Zergling x2  
  41  3:40  Queen  
  44  3:46  Zergling x2  
  45  3:52  Spine Crawler  
  45  3:55  Zergling x4  
  46  4:01  Baneling x2  
  46  4:05  Zergling x4  
  46  4:06  Roach Warren  
  46  4:08  Zergling x2  
  46  4:09  Zergling x4  
  50  4:10  Overlord  
  48  4:25  Hatchery  
  48  4:28  Overlord  
  47  4:33  Extractor  
  47  4:37  Drone  
  47  4:38  Drone x3  
  50  4:42  Baneling x3  
  48  4:59  Roach  
  49  5:00  Roach x4  
  49  5:01  Roach x4  
  60  5:14  Roach  
  60  5:15  Roach x3  
  60  5:18  Overlord  
  60  5:19  Overlord  
  68  5:24  Overlord  
  68  5:25  Overlord  
  67  5:41  Roach x6  
  67  5:42  Roach  
  81  5:48  Spine Crawler  
  80  5:54  Roach x2  
  80  5:55  Zergling x2  
  82  6:06  Zergling x2  
  82  6:07  Zergling x10  
  81  6:21  Zergling x4  
  81  6:22  Zergling x10  
  85  6:28  Zergling x4  
  87  6:34  Baneling x2  
  87  6:38  Zergling x2  
  87  6:39  Zergling x4  
  90  6:49  Baneling x4  
  90  6:50  Baneling x2  
  90  6:56  Zergling x8  
Show
View Real Time Build Order
Export as new Build Order

Gaara Zerg 

Build Orders: Hatch First 

Get SALT Encoding   

  12  0:00  Drone  
  13  0:10  Drone  
  14  0:17  Overlord  
  14  0:36  Drone x2  
  14  0:37  Drone  
  17  0:54  Hatchery  
  16  0:58  Drone  
  16  1:01  Drone  
  18  1:06  Extractor  
  17  1:15  Spawning Pool  
  16  1:20  Drone  
  16  1:23  Drone  
  18  1:32  Drone  
  19  1:43  Overlord  
  19  2:02  Queen  
  19  2:03  Zergling x4  
  19  2:07  Metabolic Boost  
  23  2:10  Queen  
  23  2:13  Drone  
  23  2:15  Drone  
  27  2:18  Drone  
  28  2:25  Drone  
  28  2:28  Drone  
  30  2:35  Drone  
  31  2:38  Drone  
  32  2:52  Overlord  
  32  2:53  Drone  
  32  2:56  Drone  
  34  3:01  Drone  
  32  3:13  Zergling x6  
  34  3:20  Queen  
  34  3:24  Drone x3  
  34  3:34  Drone x2  
  34  3:35  Evolution Chamber  
  34  3:36  Drone x3, Evolution Chamber  
  37  3:47  Drone x2  
  39  3:57  Overlord  
  39  4:02  Zerg Melee Weapons Level 1  
  39  4:07  Zerg Ground Armor Level 1  
  39  4:08  Overlord  
  39  4:15  Queen  
  40  4:20  Zergling x6  
  40  4:22  Zergling x2  
  42  4:30  Zergling x8  
  42  4:31  Zergling x2  
  47  4:35  Hatchery  
  46  4:40  Drone  
  47  4:46  Baneling Nest  
  47  4:48  Zergling x2  
  45  4:53  Zergling x4  
  44  5:07  Pneumatized Carapace  
  44  5:11  Zergling x8  
  48  5:17  Drone x2  
  48  5:18  Hatchery  
  48  5:19  Extractor  
  48  5:22  Zergling x2  
  48  5:24  Zergling x2  
  48  5:28  Overlord, Drone  
  50  5:29  Drone  
  50  5:36  Zergling x2  
  50  5:38  Overlord  
  51  5:48  Overlord  
  51  5:52  Zergling x2  
  49  6:06  Zergling x8  
  49  6:11  Zergling x10  
  51  6:20  Zergling x2  
  51  6:24  Zergling x2  
  51  6:27  Zergling x6  
  54  6:33  Zergling x4  
  54  6:37  Queen  
  58  6:40  Zergling x2  
  58  6:47  Zergling x2  
  58  6:48  Zergling x4  
  58  6:53  Zergling x8  
  58  6:54  Zergling x2  
  64  6:56  Baneling x7  
  64  6:58  Zergling x2  
  65  7:02  Zergling x4  
  65  7:03  Zergling x4  
Tags
 
Add a new tag
Caveats
  • Supply blocks, unpowered buildings, or Contaminate may cause inaccurate times.
  • Supply counts are checked every 10 seconds.